AoeStats
← BuDrakexn

Black Forest

510751069Analyzed
4v4 RM · 1d ago on Oct 2, 2026· 76m 39s· 8 players
Game mode
Random Map
Map size
Large (8 player)
Population
200
Speed
Normal
Resources
Standard
Victory
Conquest
Starting age
Dark Age
Ending age
Imperial Age
RankedLock teamsTeams togetherTeam positionsShared explorationLock speedFull tech treeHidden civsTurbo modeCheats
Victory
Defeat
🇺🇸 Franks · United States
926
+13
🇺🇸 Khmer · United States
919
+13
🇨🇳 Ethiopians · China
888
+37
🇨🇳 Persians · China
774
+20
🇬🇧 Britons · United Kingdom
932
-31
🇨🇿 Tatars · Czechia
857
-15
🇹🇷 Turks · Türkiye
844
-15
🇪🇪 Maya · Estonia
770
-12
CANULAN
13:18 Feudal Age
18:52 Castle Age
18:30 Double-Bit Axe
18:41 Gold Mining
24:15 Imperial Age
22:37 Bow Saw
22:59 Horse Collar
27:48 Two-Man Saw
44:27 Padded Archer Armor
44:33 Scale Barding Armor
44:40 Forging
44:58 Stone Mining
48:46 Loom
49:36 Wheelbarrow
48:47 Town Watch
49:35 Artillery
49:57 Conscription
59:39 Heavy Plow
64:13 Loom
65:03 Wheelbarrow
64:13 Town Watch
69:46 Bombard Tower
69:48 Leather Archer Armor
Chic0rita
11:10 Feudal Age
11:40 Double-Bit Axe
11:38 Horse Collar
17:23 Castle Age
18:24 Fletching
19:45 Bow Saw
22:30 Bodkin Arrow
23:58 Wheelbarrow
22:49 Crossbowman
23:43 Gold Mining
23:44 Stone Mining
24:00 Heavy Plow
28:04 Hand Cart
27:34 Town Watch
28:40 Fervor
29:52 Town Patrol
31:35 Yeomen
33:50 Imperial Age
31:07 Loom
31:26 Padded Archer Armor
30:50 Pikeman
31:30 Squires
32:42 Ballistics
32:32 Murder Holes
33:55 Elite Longbowman
34:56 Conscription
34:37 Warwolf
34:40 Bracer
34:56 Leather Archer Armor
35:31 Gold Shaft Mining
34:50 Stone Mining
36:09 Two-Man Saw
35:27 Arbalester
37:12 Chemistry
38:58 Siege Engineers
38:35 Treadmill Crane
39:06 Masonry
39:35 Hoardings
41:52 Halberdier
43:30 Block Printing
49:33 Theocracy
58:24 Architecture
57:45 Guard Tower
57:41 Arrowslits
59:48 Caravan
61:20 Fortified Wall
61:45 Keep
67:32 Forging
67:23 Scale Mail Armor
68:44 Guilds
69:17 Iron Casting
Hercule Poirot II
0:32 Loom
11:32 Feudal Age
12:00 Town Watch
12:44 Double-Bit Axe
12:44 Horse Collar
20:37 Castle Age
18:50 Gold Mining
19:15 Stone Mining
21:57 Bow Saw
24:45 Heavy Plow
25:48 Stone Shaft Mining
25:46 Crossbowman
28:03 Wheelbarrow
40:03 Hand Cart
39:48 Town Patrol
39:37 Pikeman
40:03 Arson
40:19 Squires
40:28 Thumb Ring
39:43 Elite Skirmisher
40:32 Caravan
40:55 Eagle Warrior
42:18 Forging
42:08 Scale Mail Armor
41:58 Fletching
42:09 Padded Archer Armor
42:53 Fortified Wall
42:24 Treadmill Crane
43:10 Masonry
42:55 Murder Holes
44:51 Hul'che Javelineers
47:23 Imperial Age
45:35 Iron Casting
45:15 Chain Mail Armor
44:56 Bodkin Arrow
45:16 Leather Archer Armor
45:35 Ballistics
45:05 Guard Tower
48:17 Halberdier
51:39 Hoardings
51:25 Conscription
Jundorff
1:29 Loom
12:46 Feudal Age
14:49 Wheelbarrow
14:51 Double-Bit Axe
17:45 Castle Age
18:42 Hand Cart
19:04 Gold Mining
25:20 Bow Saw
25:42 Stone Mining
26:01 Horse Collar
27:24 Scale Mail Armor
27:25 Padded Archer Armor
29:59 Fervor
32:08 Ballistics
32:49 Leather Archer Armor
32:25 Fletching
38:17 Imperial Age
37:33 Husbandry
37:44 Bloodlines
37:44 Bodkin Arrow
38:00 Forging
37:56 Scale Barding Armor
37:35 Treadmill Crane
38:06 Masonry
38:08 Fortified Wall
37:54 Murder Holes
37:46 Town Watch
39:24 Conscription
39:16 Timurid Siegecraft
39:07 Silk Armor
38:52 Elite Steppe Lancer
40:16 Iron Casting
41:27 Sappers
42:02 Caravan
42:01 Light Cavalry
42:06 Elite Skirmisher
43:21 Squires
42:41 Pikeman
43:46 Chain Barding Armor
44:27 Blast Furnace
43:58 Ring Archer Armor
44:20 Gold Shaft Mining
43:58 Hussar
44:20 Halberdier
44:44 Man-at-Arms
45:31 Hussar
46:46 Elite Keshik
48:25 Long Swordsman
48:34 Hussar
50:11 Plate Barding Armor
49:58 Town Patrol
50:38 Bracer
51:42 Chemistry
52:06 Cavalier
58:19 Heavy Cavalry Archer
喷子的DOTA2
6:47 Loom
12:59 Feudal Age
14:15 Wheelbarrow
13:34 Gold Mining
13:27 Horse Collar
13:35 Double-Bit Axe
16:15 Stone Mining
22:21 Fletching
24:57 Castle Age
25:09 Padded Archer Armor
25:17 Crossbowman
26:03 Thumb Ring
26:41 Bodkin Arrow
29:34 Hand Cart
29:22 Heavy Plow
30:02 Gold Shaft Mining
30:05 Ballistics
33:22 Leather Archer Armor
42:15 Imperial Age
40:28 Guard Tower
42:01 Caravan
44:19 Keep
44:46 Chemistry
44:10 Fortified Wall
43:56 Murder Holes
44:09 Siege Engineers
44:14 Masonry
44:52 Arbalester
45:07 Elite Skirmisher
53:46 Architecture
54:01 Ring Archer Armor
53:31 Bracer
58:48 Town Watch
星河船泊
1:37 Loom
11:50 Feudal Age
12:40 Double-Bit Axe
12:38 Horse Collar
12:36 Man-at-Arms
21:27 Castle Age
20:35 Gold Mining
20:35 Stone Mining
21:00 Forging
20:56 Scale Barding Armor
20:51 Fletching
22:55 Husbandry
23:16 Bow Saw
23:14 Heavy Plow
25:30 Stone Shaft Mining
26:39 Bodkin Arrow
32:55 Imperial Age
31:16 Iron Casting
32:17 Gold Shaft Mining
31:54 Bloodlines
32:08 Crossbowman
34:00 Wheelbarrow
33:50 Conscription
33:43 Masonry
34:47 Two-Man Saw
35:46 Chemistry
34:30 Elite War Elephant
36:32 Chain Barding Armor
38:06 Blast Furnace
37:07 Padded Archer Armor
36:30 Light Cavalry
37:19 Thumb Ring
38:43 Architecture
38:35 Ballistics
38:10 Murder Holes
39:04 Hand Cart
39:19 Kamandaran
40:04 Citadels
40:42 Plate Barding Armor
40:26 Leather Archer Armor
40:44 Hussar
42:22 Hoardings
43:42 Crop Rotation
44:49 Devotion
45:24 Town Watch
46:16 Faith
46:58 Chemistry
46:32 Ring Archer Armor
47:23 Fervor
49:47 Heavy Scorpion
51:05 Elite Skirmisher
54:39 Caravan
76:18 Spies/Treason
BuDrakexn
1:58 Loom
11:57 Feudal Age
12:33 Double-Bit Axe
18:30 Castle Age
17:54 Stone Mining
20:01 Bow Saw
21:12 Wheelbarrow
21:37 Gold Mining
22:42 Scale Barding Armor
24:13 Hand Cart
24:21 Hand Cart
31:25 Imperial Age
32:15 Chain Barding Armor
32:06 Forging
31:41 Cavalier
32:11 Cavalier
34:11 Light Cavalry
41:34 Plate Barding Armor
41:34 Iron Casting
42:50 Husbandry
45:09 Blast Furnace
48:18 Pikeman
48:58 Squires
51:48 Paladin
52:31 Caravan
61:38 Conscription
61:29 Chivalry
75:17 Spies/Treason
BIZONADE
0:42 Loom
11:19 Feudal Age
15:07 Castle Age
13:25 Double-Bit Axe
15:03 Horse Collar
28:23 Imperial Age
29:55 Gold Mining
29:56 Stone Mining
30:49 Conscription
31:23 Gold Shaft Mining
31:01 Bow Saw
30:55 Heavy Plow
31:28 Ballistics
32:09 Chemistry
31:05 Murder Holes
31:29 Fletching
32:05 Heavy Scorpion
35:07 Bodkin Arrow
38:00 Stone Shaft Mining
38:24 Wheelbarrow
37:35 Town Watch
38:14 Siege Engineers
38:12 Bracer
38:23 Forging
38:19 Scale Barding Armor
38:14 Scale Mail Armor
38:15 Padded Archer Armor
38:37 Double Crossbow
43:02 Elite Ballista Elephant
44:48 Hoardings
43:44 Sappers
44:26 Tusk Swords
47:57 Caravan
48:47 Masonry
50:11 Iron Casting
49:57 Chain Barding Armor
49:53 Chain Mail Armor
49:53 Leather Archer Armor
52:41 Coinage
57:10 Architecture
56:51 Fortified Wall
58:29 Hand Cart
58:14 Town Patrol
61:36 Ring Archer Armor
61:42 Plate Barding Armor
62:08 Blast Furnace
60:31 Light Cavalry
61:13 Husbandry
61:23 Bloodlines
61:39 Hussar
69:46 Elite Battle Elephant
Connection lost

Rejoining the realm…

Still unreachable

The connection could not be restored.

Session expired

The server has moved on; the page needs a fresh start.